Map: Eternal Empire LE

Players

ViBE - Winner!

  • Race: Protoss Protoss
  • League: Diamond
  • Spawn Location: 1:00

Merika

  • Race: Protoss Protoss
  • Spawn Location: 7:00

VOD

Have the link to the VOD?

Description

Time

  • Played on: Dec. 13, 2019, 11:42 p.m.
  • Length: 11:40
Show
View Real Time Build Order
Export as new Build Order

ViBE Protoss - Winner!

Build Orders: Archon Immortal 

Get SALT Encoding   

  12  0:01  Probe  
  13  0:13  Probe  
  14  0:20  Pylon  
  14  0:25  Probe  
  15  0:38  Probe (Chrono Boost)  
  15  0:41  Gateway  
  16  0:49  Probe (Chrono Boost)  
  17  0:51  Assimilator  
  17  0:55  Probe (Chrono Boost)  
  18  1:06  Assimilator  
  18  1:08  Probe  
  19  1:20  Probe (Chrono Boost)  
  20  1:28  Gateway  
  20  1:30  Cybernetics Core  
  20  1:32  Probe (Chrono Boost)  
  21  1:41  Probe (Chrono Boost)  
  21  1:43  Pylon  
  22  1:53  Probe  
  23  2:08  Probe  
  24  2:10  Stalker  
  24  2:13  Pylon  
  28  2:15  Sentry  
  28  2:30  Nexus  
  28  2:32  Warp Gate  
  29  2:37  Probe  
  29  2:45  Stalker  
  31  2:59  Stalker  
  31  3:01  Probe  
  34  3:14  Pylon  
  34  3:29  Stalker  
  34  3:33  Probe (Chrono Boost)  
  37  3:37  Robotics Facility  
  37  3:44  Probe (Chrono Boost)  
  37  3:45  Probe (Chrono Boost)  
  39  3:51  Pylon  
  39  3:52  Probe x2 (Chrono Boost)  
  40  3:57  Probe (Chrono Boost)  
  40  4:00  Probe (Chrono Boost)  
  42  4:08  Probe (Chrono Boost)  
  43  4:14  Probe (Chrono Boost)  
  42  4:19  Probe (Chrono Boost)  
  42  4:23  Probe (Chrono Boost), Stalker x2  
  47  4:26  Probe (Chrono Boost), Observer  
  47  4:27  Probe (Chrono Boost)  
  50  4:35  Probe  
  50  4:38  Probe  
  52  4:43  Nexus  
  52  4:46  Pylon  
  52  4:47  Probe  
  52  4:50  Probe  
  54  4:58  Immortal  
  58  5:03  Probe x2  
  60  5:10  Stalker x2  
  64  5:15  Probe x2  
  64  5:20  Assimilator  
  66  5:24  Assimilator  
  66  5:27  Probe x2, Pylon  
  68  5:31  Pylon  
  68  5:36  Stalker  
  68  5:39  Probe  
  71  5:43  Probe  
  72  5:52  Probe  
  72  5:55  Probe  
  74  5:58  Probe  
  74  6:04  Probe  
  72  6:07  Probe  
  72  6:10  Probe  
  73  6:15  Twilight Council  
  73  6:16  Probe  
  74  6:19  Probe  
  74  6:22  Probe  
  76  6:28  Probe (Chrono Boost), Stalker x2  
  76  6:29  Immortal  
  76  6:32  Probe (Chrono Boost), Pylon  
  86  6:34  Probe (Chrono Boost)  
  86  6:35  Pylon  
  86  6:39  Pylon  
  88  6:40  Probe (Chrono Boost)  
  88  6:43  Probe (Chrono Boost)  
  88  6:44  Probe (Chrono Boost)  
  88  6:46  Probe (Chrono Boost)  
  90  6:47  Probe (Chrono Boost)  
  90  6:49  Probe (Chrono Boost)  
  90  6:50  Pylon  
  93  6:55  Probe (Chrono Boost)  
  93  6:58  Probe (Chrono Boost)  
  93  6:59  Pylon, Assimilator  
  93  7:00  Probe (Chrono Boost), Assimilator  
  95  7:03  Charge  
  95  7:06  Probe (Chrono Boost)  
  96  7:08  Probe (Chrono Boost)  
  96  7:09  Probe (Chrono Boost)  
  96  7:10  Pylon  
  96  7:12  Templar Archives  
  96  7:13  Forge  
  96  7:18  Zealot x2  
  96  7:22  Immortal  
  104  7:28  Probe x3  
  107  7:37  Nexus  
  105  7:47  Probe x2  
  105  7:48  Probe, Gateway  
  105  7:49  Gateway  
  105  7:50  High Templar x2  
  112  7:53  Protoss Ground Weapons Level 1 (Chrono Boost)  
  112  7:55  Gateway  
  112  7:57  Gateway  
  112  8:05  Probe x3  
  109  8:11  Gateway  
  109  8:12  Gateway  
  105  8:17  Probe  
  106  8:23  Probe x2  
  106  8:26  Gateway  
  108  8:29  Probe, Gateway  
  108  8:31  Immortal  
  113  8:36  High Templar x2  
  117  8:45  Probe x3  
  120  8:51  Probe  
  120  8:55  Pylon  
  121  8:57  Probe x2  
  121  8:58  Pylon  
  121  8:59  Pylon  
  123  9:04  Pylon, High Templar x4  
  123  9:05  High Templar  
  123  9:07  High Templar  
  135  9:10  Archon  
  135  9:11  Archon x3  
  135  9:12  Archon  
  135  9:14  Immortal  
  139  9:17  Probe x3  
  139  9:21  Probe  
  143  9:25  Assimilator, Zealot  
  143  9:26  Zealot x3  
  143  9:29  Probe x2, Assimilator  
  143  9:30  Probe  
  154  9:32  Robotics Facility  
  154  9:35  Probe  
  155  9:41  Probe x2  
  155  9:43  High Templar x2  
  155  9:44  High Templar  
  163  9:45  High Templar  
  163  9:46  High Templar  
  163  9:47  High Templar, Nexus  
  163  9:48  High Templar  
  163  9:52  Archon x3  
  169  9:53  High Templar  
  167  10:03  Archon  
  167  10:04  Zealot  
  167  10:05  Zealot  
  171  10:08  Photon Cannon  
  171  10:10  Photon Cannon  
  171  10:12  Photon Cannon  
  171  10:13  Photon Cannon, Shield Battery  
  171  10:14  Shield Battery  
  171  10:16  Photon Cannon  
  171  10:19  Photon Cannon  
  171  10:21  Probe x2  
  173  10:22  Probe, Shield Battery  
  173  10:25  Probe  
  175  10:30  Pylon  
  175  10:32  High Templar x2  
  175  10:33  High Templar x2  
  183  10:38  Archon x2  
  183  10:45  Zealot x4  
  183  10:46  Zealot x2  
  183  10:48  Probe x4  
  197  11:00  Photon Cannon  
  197  11:01  Photon Cannon  
  197  11:02  Photon Cannon  
  197  11:03  Shield Battery  
  193  11:04  Photon Cannon  
  193  11:07  Shield Battery  
  193  11:10  Unknown  
  185  11:14  High Templar  
  185  11:15  High Templar x4  
  185  11:17  Zealot x5  
  193  11:25  Archon x2  
Show
View Real Time Build Order
Export as new Build Order

Merika Protoss 

Build Orders: Phoenix Opening 

Get SALT Encoding   

  12  0:01  Probe  
  13  0:15  Pylon  
  13  0:19  Probe  
  14  0:36  Gateway  
  14  0:42  Assimilator  
  14  0:43  Probe  
  15  0:55  Probe  
  16  1:07  Probe  
  17  1:12  Gateway  
  17  1:19  Probe  
  18  1:31  Probe  
  19  1:33  Cybernetics Core  
  19  1:36  Assimilator  
  19  1:44  Probe  
  20  1:54  Pylon  
  20  1:56  Probe  
  21  2:10  Adept  
  21  2:11  Adept  
  21  2:13  Warp Gate  
  25  2:20  Probe  
  26  2:32  Probe  
  26  2:35  Stargate  
  28  2:44  Probe  
  28  2:56  Probe  
  29  3:08  Nexus  
  29  3:10  Probe  
  30  3:19  Gateway  
  30  3:29  Probe  
  31  3:39  Pylon  
  31  3:57  Phoenix  
  31  4:02  Probe  
  30  4:13  Stalker x2  
  30  4:14  Probe, Stalker  
  37  4:22  Phoenix  
  39  4:25  Forge  
  39  4:29  Pylon  
  39  4:32  Assimilator  
  39  4:36  Probe, Assimilator  
  40  4:48  Probe  
  41  4:53  Phoenix  
  43  5:00  Sentry x2  
  43  5:01  Sentry  
  43  5:04  Probe x2  
  51  5:10  Protoss Ground Armor Level 1  
  51  5:16  Probe x2  
  51  5:17  Forge  
  53  5:28  Probe x2  
  55  5:32  Zealot x2  
  59  5:40  Probe, Twilight Council  
  60  5:52  Probe  
  61  6:23  Probe, Charge (Chrono Boost)  
  62  6:26  Pylon  
  62  6:27  Pylon  
  62  6:31  Protoss Ground Weapons Level 1 (Chrono Boost)  
  62  6:39  Pylon, Nexus  
  62  6:43  Gateway  
  62  6:44  Phoenix, Probe  
  65  6:48  Gateway  
  65  7:06  Probe x2  
  65  7:07  Zealot x2  
  65  7:08  Zealot  
  73  7:28  Templar Archives  
  73  7:29  Stalker x3  
  79  7:31  Probe x2  
  81  7:43  Probe x2  
  83  7:55  Probe  
  84  8:07  Zealot x2  
  84  8:08  Zealot x3  
  90  8:20  Probe x2  
  90  8:22  Protoss Ground Armor Level 2 (Chrono Boost)  
  90  8:23  Probe  
  90  8:26  Pylon  
  93  8:30  Pylon  
  93  8:32  Probe x2  
  95  8:35  Probe  
  95  8:39  High Templar x2  
  100  8:44  Probe x2  
  100  8:47  Probe  
  103  8:53  Pylon  
  103  8:55  Pylon  
  103  8:56  Probe, Pylon  
  103  8:57  Gateway  
  103  9:00  Gateway, Psionic Storm  
  103  9:01  Gateway  
  103  9:02  High Templar x3  
  108  9:03  Pylon  
  108  9:04  Archon  
  108  9:06  Archon  
  110  9:12  Probe x2  
  110  9:15  Probe  
  113  9:24  Probe x2  
  113  9:27  Probe, Assimilator  
  113  9:30  Assimilator  
  116  9:36  Probe x2  
  118  9:39  Probe  
  118  9:41  High Templar x4  
  118  9:42  High Templar  
  129  10:00  Probe x2  
  129  10:06  Gateway  
  131  10:07  Gateway  
  131  10:09  Gateway  
  131  10:11  Gateway  
  131  10:24  Nexus  
  131  10:26  Probe x3  
  131  10:27  Unknown  
  134  10:30  Pylon  
  134  10:33  Pylon  
  134  10:38  Probe x2  
  134  10:40  Zealot  
  134  10:41  Zealot  
  140  10:46  Zealot  
  142  10:50  High Templar x4  
  142  10:52  Zealot  
  142  10:54  Archon  
  142  10:55  Archon  
  142  10:56  Probe  
  150  11:08  Probe  
Tags
 
Add a new tag
Caveats
  • Supply blocks, unpowered buildings, or Contaminate may cause inaccurate times.
  • Supply counts are checked every 10 seconds.